Map: Jagannatha LE

Players

Erik - Winner!

  • Race: Zerg Zerg
  • Spawn Location: 1:00

eGGz

  • Race: Zerg Zerg
  • League: Grandmaster
  • Spawn Location: 7:00

Event: DreamHack SC2 Masters 2020 Winter

VOD

Have the link to the VOD?

Description

Time

  • Played on: Oct. 14, 2020, 6:51 p.m.
  • Length: 11:20

All games in this series

Show
View Real Time Build Order
Export as new Build Order

Erik Zerg - Winner!

Build Orders: Hatch First 

Get SALT Encoding   

  12  0:00  Drone  
  13  0:08  Drone  
  14  0:15  Drone, Extractor  
  15  0:38  Hatchery  
  15  0:42  Extractor  
  13  0:43  Drone  
  13  0:49  Overlord  
  15  1:03  Spawning Pool  
  14  1:07  Drone  
  14  1:10  Drone  
  16  1:14  Drone  
  16  1:17  Extractor  
  16  1:20  Drone  
  17  1:28  Drone  
  19  1:40  Drone  
  19  1:51  Queen x2  
  19  1:53  Zergling x2  
  24  1:54  Drone  
  25  2:07  Drone, Zergling x2  
  27  2:14  Overlord  
  27  2:15  Drone  
  27  2:20  Metabolic Boost  
  28  2:32  Queen  
  28  2:35  Drone x3  
  33  2:37  Drone  
  33  2:44  Drone x2  
  36  2:51  Baneling Nest  
  36  2:55  Overlord  
  36  2:56  Drone  
  36  3:01  Overlord  
  35  3:13  Drone x5  
  35  3:15  Drone  
  41  3:21  Drone  
  42  3:37  Hatchery  
  42  3:38  Baneling x2  
  42  3:39  Zergling x6  
  42  3:41  Drone x2  
  46  3:47  Extractor  
  46  3:48  Drone x2  
  47  3:49  Evolution Chamber, Extractor  
  47  3:51  Drone  
  47  3:52  Drone  
  47  4:00  Baneling x2  
  47  4:03  Zergling x6  
  49  4:11  Drone x2  
  49  4:12  Overlord  
  49  4:14  Zerg Ground Armor Level 1  
  51  4:22  Overlord  
  50  4:29  Overlord  
  50  4:30  Roach Warren  
  50  4:31  Drone x2  
  51  4:37  Zergling x6  
  54  4:41  Zergling x8  
  56  5:07  Overlord  
  55  5:09  Lair  
  55  5:11  Roach x8  
  71  5:20  Roach x2  
  69  5:32  Roach  
  69  5:33  Roach x7  
  83  5:39  Roach x2  
  82  5:44  Extractor  
  79  5:54  Zergling x2  
  79  5:55  Zergling x8  
  84  6:08  Hatchery  
  84  6:10  Spire  
  82  6:21  Zergling x4  
  82  6:22  Overlord  
  84  6:30  Hatchery  
  78  6:34  Zergling x12  
  68  6:54  Drone x3  
  68  6:59  Zergling x2  
  68  7:00  Zergling x12  
  54  7:22  Mutalisk  
  54  7:23  Mutalisk x3  
  54  7:26  Mutalisk  
  54  7:27  Mutalisk x3  
  68  7:36  Drone x3  
  71  7:40  Mutalisk x2  
  74  7:46  Mutalisk  
  75  8:03  Zergling x2  
  75  8:04  Zergling x14  
  83  8:14  Mutalisk x3  
  83  8:17  Zergling x4  
  80  8:30  Zergling x2  
  80  8:31  Zergling x4  
  80  8:32  Queen  
  76  8:37  Drone x3  
  76  8:39  Queen  
  78  8:44  Mutalisk  
  78  8:47  Zerg Melee Weapons Level 1  
  78  8:48  Drone x2  
  82  8:52  Baneling  
  82  8:53  Baneling  
  82  8:55  Mutalisk  
  82  8:58  Zerg Flyer Weapons Level 1  
  82  9:00  Drone  
  85  9:06  Mutalisk  
  87  9:10  Drone x3  
  90  9:20  Overseer  
  89  9:25  Drone x3  
  92  9:32  Overlord x2  
  92  9:34  Overlord  
  92  9:44  Zergling x2  
  92  9:45  Zergling x14  
  94  9:56  Mutalisk x3  
  96  10:05  Mutalisk  
  96  10:06  Mutalisk x2  
  100  10:10  Extractor  
  100  10:11  Extractor  
  93  10:15  Mutalisk  
  94  10:23  Zergling x16  
  94  10:24  Zergling x2  
  97  10:43  Drone x2  
  97  10:46  Drone  
  97  10:49  Mutalisk x2  
  104  10:56  Drone x5  
  109  11:20  Hatchery  
Show
View Real Time Build Order
Export as new Build Order

eGGz Zerg 

Build Orders: Pool First 

Get SALT Encoding   

  12  0:00  Drone  
  13  0:15  Overlord  
  13  0:17  Drone  
  14  0:34  Drone x2  
  16  0:43  Spawning Pool  
  16  0:44  Drone  
  17  0:50  Drone  
  17  1:10  Hatchery  
  16  1:12  Drone  
  16  1:15  Extractor  
  16  1:16  Drone  
  17  1:26  Drone  
  17  1:30  Queen  
  20  1:34  Zergling x2  
  21  1:44  Drone  
  22  1:54  Overlord  
  22  2:13  Drone, Queen  
  22  2:14  Drone  
  26  2:21  Queen  
  26  2:22  Drone  
  29  2:23  Metabolic Boost  
  29  2:28  Drone  
  30  2:35  Drone  
  30  2:38  Drone  
  30  2:39  Drone x2  
  30  2:40  Drone  
  34  2:47  Drone  
  35  3:01  Hatchery  
  35  3:03  Zergling x4  
  36  3:08  Overlord  
  36  3:12  Extractor  
  35  3:13  Extractor, Zergling x4  
  38  3:22  Roach Warren  
  37  3:27  Drone  
  37  3:28  Drone  
  37  3:29  Zergling x6  
  37  3:30  Zergling x2  
  37  3:32  Drone  
  44  3:38  Overlord  
  44  3:43  Overlord  
  44  3:52  Overlord  
  44  3:58  Drone x4  
  44  4:02  Evolution Chamber  
  47  4:06  Roach x3  
  47  4:09  Roach x2  
  57  4:21  Roach x4  
  64  4:29  Drone x4  
  67  4:32  Extractor  
  67  4:33  Extractor  
  67  4:34  Roach  
  67  4:38  Roach  
  69  4:39  Roach  
  69  4:41  Zergling x2  
  69  4:42  Zergling x2  
  69  4:45  Zergling x2  
  74  4:51  Zergling x6  
  73  5:03  Drone  
  73  5:09  Zerg Missile Weapons Level 1  
  73  5:10  Overlord  
  73  5:14  Overlord  
  73  5:16  Overlord  
  71  5:21  Zergling x6  
  71  5:24  Zergling x6  
  72  5:32  Drone x6  
  74  5:39  Drone x2  
  74  5:41  Lair  
  76  5:43  Drone  
  75  5:50  Drone x3  
  75  5:52  Drone  
  75  5:55  Drone  
  76  5:59  Roach x2  
  80  6:05  Roach x2  
  80  6:08  Roach  
  86  6:14  Roach x2  
  90  6:19  Roach  
  90  6:21  Overlord  
  90  6:23  Roach x2  
  90  6:24  Roach  
  98  6:32  Roach x3  
  98  6:34  Roach  
  96  6:41  Roach x4  
  96  6:44  Glial Reconstitution  
  98  6:48  Ravager  
  98  6:54  Roach x4  
  92  6:57  Roach x2  
  92  7:00  Roach  
  92  7:05  Queen  
  90  7:10  Ravager  
  90  7:12  Roach x3  
  93  7:17  Drone x4  
  93  7:20  Queen  
  98  7:25  Spore Crawler  
  98  7:27  Roach  
  98  7:28  Roach  
  102  7:33  Roach x2  
  106  7:41  Overlord  
  106  7:47  Overlord  
  106  7:48  Overlord  
  106  7:49  Zerg Missile Weapons Level 2  
  106  7:58  Overlord  
  106  8:00  Queen  
  106  8:01  Drone, Spore Crawler, Queen  
  106  8:02  Drone x2  
  106  8:04  Drone x2  
  111  8:07  Spore Crawler  
  111  8:10  Zergling x4  
  111  8:12  Drone  
  107  8:14  Roach x2  
  87  8:27  Zergling x4  
  87  8:32  Drone x2  
  87  8:33  Queen  
  78  8:36  Queen  
  72  8:42  Hydralisk Den  
  72  8:44  Spore Crawler  
  72  8:45  Spore Crawler  
  65  8:53  Drone x5  
  65  8:54  Drone  
  71  8:57  Queen  
  73  9:02  Extractor  
  73  9:03  Drone x2  
  74  9:11  Spore Crawler, Zergling x6  
  74  9:12  Zergling x2  
  77  9:17  Spore Crawler  
  77  9:22  Queen  
  74  9:25  Overlord  
  74  9:32  Overlord  
  72  9:39  Overlord  
  72  9:41  Roach  
  72  9:42  Roach x5  
  72  9:44  Drone  
  72  9:45  Drone  
  82  9:51  Spore Crawler, Hydralisk  
  78  10:02  Zergling x12  
  80  10:08  Spore Crawler  
  80  10:10  Zergling x2  
  80  10:11  Zergling x4  
  72  10:17  Hydralisk  
  70  10:21  Hydralisk  
  70  10:26  Hydralisk x2  
  72  10:49  Hatchery  
  68  10:53  Drone x4  
  68  10:56  Hydralisk  
Tags
 
Add a new tag
Caveats
  • Supply blocks, unpowered buildings, or Contaminate may cause inaccurate times.
  • Supply counts are checked every 10 seconds.